 Dungeon Crawl Stone Soup version 0.29.1-15-g9cfb28693d (webtiles) character file.

Game seed: 3693051323124326673

181 croobank the Sneak (level 5, -5/55 HPs)
             Began as an Octopode Delver on Mar 5, 2023.
             Slain by an iguana (6 damage)
             ... on level 5 of the Dungeon.
             The game lasted 00:04:34 (1441 turns).

croobank the Sneak (Octopode Delver)                Turns: 1441, Time: 00:04:34

Health: -5/55      AC: 22    Str: 11    XL:     5   Next: 61%
Magic:  5/5        EV:  2    Int: 14    God:
Gold:   84         SH:  0    Dex: 14    Spells: 4/4 levels left

rFire   . . .      SeeInvis .   a - +0 hand axe
rCold   . . .      Faith    .   (no shield)
rNeg    . . .      Spirit   .   (helmet currently unavailable)
rPois   +          Reflect  .   (no amulet)
rElec   .          Harm     .   (no ring)
rCorr   .          Rampage  .   (no ring)
Will    .....      NoTele   +   (no ring)
Stlth   ++++......              (no ring)
HPRegen 0.18/turn               (no ring)
MPRegen 0.09/turn               (no ring)
                                (no ring)
                                (no ring)

@: tree-form
A: stationary, stasis, torment immunity, boosted hp, almost no armour,
(amphibious), 8 rings, (camouflage 1), (gelatinous body 1), (nimble swimmer 1),
(tentacles)
a: no special abilities


You were on level 5 of the Dungeon.
You were a tree.
You visited 1 branch of the dungeon, and saw 1 of its levels.
You also visited: Sewer.

You collected 84 gold pieces.

Inventory:

Hand Weapons
 a - a +0 hand axe (weapon)
 l - a +0 dagger
 n - a +0 rapier
Wands
 f - a wand of digging (3)
Scrolls
 b - a scroll of fog
 c - a scroll of magic mapping
 e - 2 scrolls of teleportation
Potions
 d - 5 potions of flight
 j - a potion of brilliance


   Skills:
 + Level 4.0 Fighting
 + Level 3.2 Axes
 + Level 3.2 Dodging
 + Level 7.6 Stealth


You had 4 spell levels left.
You didn't know any spells.
Your spell library was empty.

Dungeon Overview and Level Annotations

Branches:
Dungeon (5/15)              Sewer (visited)
 Temple: D:4-7

Altars:


Innate Abilities, Weirdness & Mutations

You are a tree.
Your roots penetrate the ground, keeping you stationary.
You cannot be teleported.
You are immune to unholy pain and torment.
Your maximum health is greatly increased.
You cannot wear most types of armour.
((You are amphibious.))
You can wear up to eight rings at the same time.
((Your skin changes colour to match your surroundings (Stealth+).))
((Your rubbery body absorbs attacks. (AC +1, EV +1)))
((You are camouflaged when in or above water. (Stealth+)))
((You have tentacles for arms and can constrict up to eight enemies at once.))


Message History

The iguana bites you but does no damage.
The iguana barely misses you.
You hit the iguana.
The iguana is almost dead.
You hit the iguana.
The iguana bites you but does no damage.
The iguana completely misses you.
You hit the iguana.
You kill the iguana!
You hit the iguana.
The iguana bites you but does no damage.
Your Fighting skill increases to level 4!
You hit the iguana but do no damage.
The iguana is moderately wounded.
The iguana bites you!
* * * LOW HITPOINT WARNING * * *
You closely miss the iguana.
The iguana is moderately wounded.
The iguana bites you but does no damage.
You hit the iguana.
The iguana is heavily wounded.
The iguana bites you!
* * * LOW HITPOINT WARNING * * *
You closely miss the iguana.
The iguana is heavily wounded.
The iguana bites you but does no damage.
The iguana barely misses you.
You barely miss the iguana.
The iguana is heavily wounded.
The iguana bites you.
* * * LOW HITPOINT WARNING * * *
Okay, then.
Okay, then.
You hit the iguana.
The iguana is heavily wounded.
The iguana bites you but does no damage.
You barely miss the iguana.
The iguana is heavily wounded.
The iguana bites you.
You die...

....#~~~#~~#~~~##....#
....#~~~~~~#☼○~##.§§.# .##
....##~######°##☼☼§☼☼# ....
.....###.☼§☼#°#§°○○☼☼###...
.........°°○°○§°○.§..#○☼..
.........○§☼§○§.☼☼☼○§°§☼#
.........§.§☼○☼§○☼§§○§§#
........##.§§○°○§§○○§§☼#
......####§○°○○§♣l§§☼☼°##
.......# #○○§..†☼§○§☼°☼§#
.......# #§§°§°§☼.§§§°§☼##
.......###§°.☼§°☼°☼°§§○°.#
...∩....#§..§§§○☼§☼#°§○#..#
.....###.§.§§☼☼☼☼°§#####....
.......##§☼○.○☼§○☼§○#### #..
..........§§§§☼☼§§.☼§..###.#
.........................#


You could see an iguana.

Vanquished Creatures
  A jelly (D:5)
  An iguana (D:5)
  A merfolk siren (Sewer)
  A merfolk avatar (Sewer)
  An adder (Sewer)
  3 river rats (Sewer)
  An ufetubus (D:5)
  A worm (D:5)
  4 ball pythons (Sewer)
  3 giant cockroaches
  4 quokkas
  8 frilled lizards (Sewer)
  23 rats
52 creatures vanquished.

Notes
Turn   | Place    | Note
-------+----------+-------------------------------------------
     0 | D:5      | croobank the Octopode Delver began the quest for the Orb.
     0 | D:5      | Reached XP level 1. HP: 16/16 MP: 1/1
    10 | D:5      | Noticed an iguana
    49 | D:5      | Found a glowing drain.
    54 | D:5      | Reached XP level 2. HP: 21/21 MP: 2/2
   104 | Sewer    | Entered a sewer
   271 | Sewer    | Noticed a sickly merfolk siren
   284 | Sewer    | Killed a sickly merfolk siren
   285 | Sewer    | Reached skill level 7 in Stealth
   285 | Sewer    | Reached XP level 3. HP: 26/26 MP: 3/3
   339 | Sewer    | Reached XP level 4. HP: 31/31 MP: 4/4
   679 | Sewer    | Noticed a malarious merfolk avatar
   699 | Sewer    | Killed a malarious merfolk avatar
   700 | Sewer    | Reached XP level 5. HP: 29/37 MP: 5/5
  1430 | D:5      | HP: 2/55 [iguana (2)]
  1439 | D:5      | HP: 1/55 [iguana (5)]
  1441 | D:5      | Slain by an iguana

Illustrated notes

Levels and vault maps discovered:
D:5:      layout_cave_pools, gup_sewer_entry_bubbles, nicolae_stop_n_shop_1,
          abandoned_shop, uniq_edmund

Skill      XL: |  1  2  3  4  5 |
---------------+----------------+-----
Stealth        | 7 |  7.6
Axes           | 3 |  3.2
Dodging        | 3 |  3.2
Fighting       | 4 |  4.0

Action                   |  1- 3 |  4- 6 || total
-------------------------+-------+-------++-------
Melee: Hand axe          |    43 |    76 ||   119
       Constrict         |     8 |    13 ||    21
       Tentacles         |     7 |     7 ||    14
  Use: Scroll            |     2 |     2 ||     4
       Potion            |     1 |     3 ||     4
 Stab: Sleeping          |    11 |     4 ||    15
Armor: Skin              |     1 |    30 ||    31
Dodge: Dodged            |    10 |    35 ||    45
